Map: Tacit Sanctity LE

Players

IIIIIIIIIIII - Winner!

  • Race: Terran Terran

Otter - Winner!

  • Race: Protoss Protoss
  • League: Diamond

BarbieX - Winner!

  • Race: Zerg Zerg

DiaLoGik

  • Race: Protoss Protoss
  • League: Platinum

djseratonin

  • Race: Terran Terran
  • League: Diamond

Cach

  • Race: Protoss Protoss
  • League: Platinum

VOD

Have the link to the VOD?

Description

One of the players says he has maphacks

Time

  • Played on: Feb. 14, 2026, 4:54 p.m.
  • Length: 14:25
Show
View Real Time Build Order
Export as new Build Order

IIIIIIIIIIII Terran - Winner!

Build Orders: Mech 

Get SALT Encoding   

  12  0:03  SCV  
  13  0:15  SCV  
  14  0:24  Supply Depot  
  14  0:28  SCV  
  15  0:45  SCV  
  15  0:47  Barracks  
  16  0:55  Refinery  
  16  0:56  Refinery  
  16  0:58  SCV  
  17  1:10  SCV  
  18  1:22  SCV  
  19  1:35  Marine  
  20  1:42  Factory  
  20  1:45  Orbital Command  
  20  1:58  Supply Depot  
  20  2:05  Barracks Reactor  
  20  2:11  SCV  
  21  2:26  Supply Depot, Factory Tech Lab  
  21  2:32  SCV  
  22  2:44  Marine x2  
  23  2:45  Siege Tank  
  27  2:54  SCV  
  28  3:03  Command Center  
  28  3:09  Supply Depot  
  28  3:11  Marine  
  29  3:14  Marine  
  29  3:17  SCV  
  31  3:25  Siege Tank  
  34  3:33  Marine x2  
  36  3:44  Engineering Bay  
  36  3:45  SCV  
  36  3:59  SCV  
  37  4:11  Missile Turret, SCV  
  37  4:13  Siege Tank  
  37  4:16  Orbital Command  
  41  4:26  SCV  
  41  4:27  Factory  
  42  4:37  Missile Turret  
  42  4:43  SCV  
  42  4:44  SCV  
  44  4:46  Missile Turret  
  44  4:53  Widow Mine  
  46  5:03  Hi-Sec Auto Tracking  
  46  5:12  Factory Tech Lab  
  46  5:14  SCV x2  
  46  5:17  Refinery  
  46  5:19  Refinery  
  48  5:26  Missile Turret  
  48  5:27  Siege Tank  
  51  5:31  Siege Tank  
  51  5:33  SCV x2  
  56  5:42  Factory x2  
  56  5:45  SCV x2  
  56  5:46  Factory  
  56  5:48  Bunker  
  58  5:53  Missile Turret  
  58  5:57  SCV x2  
  60  6:06  Factory  
  60  6:09  SCV x2  
  62  6:22  Armory x2  
  62  6:34  Bunker  
  62  6:35  Missile Turret  
  62  6:37  Supply Depot  
  62  6:42  Supply Depot  
  62  6:43  Supply Depot  
  62  6:44  Supply Depot  
  62  6:45  Supply Depot  
  62  6:47  Factory Tech Lab x3  
  62  6:55  Supply Depot  
  62  6:56  Factory Tech Lab  
  62  6:58  SCV x2, Siege Tank  
  62  6:59  Supply Depot  
  67  7:07  Missile Turret, Supply Depot  
  67  7:09  Missile Turret  
  67  7:10  SCV x2  
  67  7:11  Siege Tank, Thor  
  67  7:12  Thor, Missile Turret  
  84  7:19  Supply Depot  
  84  7:23  SCV x2  
  86  7:35  SCV  
  87  7:40  Siege Tank, Thor  
  87  7:41  Thor  
  87  7:43  Thor  
  108  7:52  Terran Vehicle Weapons Level 1  
  108  7:53  Terran Vehicle And Ship Armor Level 1  
  108  7:54  Thor x2  
  120  8:12  Missile Turret  
  120  8:14  Missile Turret, Siege Tank  
  120  8:16  Missile Turret x2  
  123  8:22  Supply Depot  
  123  8:23  Supply Depot, Thor  
  123  8:24  Siege Tank  
  132  8:29  Siege Tank  
  135  8:37  Thor, Missile Turret  
  141  8:41  Command Center  
  93  9:28  Siege Tank x2, Thor  
  93  9:29  Thor x2, Siege Tank  
  120  10:00  Terran Vehicle Weapons Level 2, Thor, Siege Tank  
  120  10:01  Thor  
  120  10:04  Orbital Command  
  135  10:08  SCV x2  
  135  10:09  Refinery  
  135  10:10  Refinery  
  135  10:12  Siege Tank  
  140  10:20  SCV x2  
  142  10:25  Command Center  
  142  10:32  SCV  
  142  10:33  SCV  
  142  10:34  SCV  
  145  10:44  SCV  
  145  10:45  SCV  
  145  10:46  SCV  
  145  10:49  Sensor Tower  
  148  10:50  Siege Tank  
  148  10:51  Siege Tank, Thor  
  148  10:52  Thor x2  
  172  10:57  Supply Depot  
  172  11:06  Siege Tank  
  172  11:09  Terran Vehicle And Ship Armor Level 2  
  175  11:13  Command Center  
  175  11:14  SCV x2  
  177  11:26  Command Center  
  177  11:30  Siege Tank, Thor  
  186  11:37  Thor  
  192  11:48  Orbital Command  
  192  11:56  Sensor Tower  
  192  12:36  Siege Tank x2  
  171  13:08  Siege Tank x4  
  183  13:28  Siege Tank x2  
  189  13:35  Orbital Command  
  189  13:37  Planetary Fortress  
  189  13:40  Thor, Siege Tank  
  182  14:07  SCV x2, Supply Depot  
  182  14:09  Supply Depot  
Show
View Real Time Build Order
Export as new Build Order

Otter Protoss - Winner!

Build Orders: 1 Gate Expand, Phoenix Opening, Carriers 

Get SALT Encoding   

  12  0:00  Probe  
  13  0:12  Probe  
  14  0:16  Pylon  
  14  0:24  Probe  
  15  0:37  Probe, Gateway  
  16  0:49  Probe  
  17  0:52  Assimilator  
  17  1:01  Probe  
  18  1:13  Probe  
  19  1:23  Nexus  
  19  1:28  Zealot  
  21  1:35  Probe  
  21  1:37  Assimilator  
  22  1:43  Probe  
  22  1:47  Pylon  
  23  2:00  Cybernetics Core  
  23  2:05  Probe  
  24  2:17  Probe  
  25  2:23  Forge  
  25  2:29  Probe  
  26  2:36  Probe  
  27  2:37  Pylon  
  27  2:38  Protoss Air Weapons Level 1  
  27  2:41  Probe  
  28  2:48  Probe  
  29  2:53  Stargate  
  29  2:58  Probe  
  30  3:03  Photon Cannon  
  30  3:05  Probe  
  30  3:11  Probe  
  32  3:18  Probe  
  32  3:19  Photon Cannon  
  33  3:26  Protoss Shields Level 1  
  33  3:27  Probe  
  33  3:30  Probe  
  35  3:37  Phoenix  
  35  3:39  Probe  
  38  3:42  Probe  
  39  3:49  Pylon  
  39  3:51  Probe  
  39  3:52  Assimilator  
  39  3:54  Probe  
  41  4:03  Probe  
  42  4:10  Phoenix  
  42  4:16  Stargate  
  44  4:18  Probe  
  44  4:19  Pylon, Probe  
  46  4:25  Assimilator  
  46  4:30  Probe  
  47  4:33  Pylon, Probe  
  47  4:35  Phoenix  
  50  4:43  Probe  
  51  4:52  Probe  
  52  4:53  Protoss Air Armor Level 1  
  52  5:00  Phoenix  
  52  5:04  Fleet Beacon, Phoenix  
  56  5:10  Probe  
  56  5:11  Probe  
  58  5:23  Probe  
  58  5:24  Stargate x2  
  59  5:31  Probe  
  59  5:35  Probe  
  61  5:37  Phoenix  
  61  5:38  Phoenix  
  65  5:58  Probe x2  
  65  6:02  Phoenix x2  
  69  6:11  Phoenix x2  
  69  6:15  Probe x2  
  75  6:31  Phoenix  
  77  6:38  Nexus  
  77  6:39  Protoss Air Weapons Level 2, Pylon  
  77  6:41  Pylon  
  77  6:44  Pylon  
  77  6:49  Probe  
  77  6:50  Nexus  
  77  6:53  Pylon  
  78  6:54  Pylon  
  78  6:56  Pylon  
  78  6:57  Phoenix x2, Probe  
  78  7:00  Photon Cannon  
  83  7:03  Photon Cannon  
  83  7:05  Tempest x2  
  91  7:16  Probe  
  91  7:17  Probe  
  91  7:21  Photon Cannon  
  91  7:22  Tempest, Carrier  
  103  7:24  Photon Cannon  
  103  7:27  Photon Cannon  
  103  7:28  Photon Cannon  
  103  7:30  Photon Cannon  
  103  7:32  Photon Cannon, Mothership  
  111  7:38  Robotics Facility  
  111  7:39  Probe  
  112  7:50  Assimilator  
  112  7:51  Photon Cannon  
  112  7:52  Probe  
  112  7:53  Photon Cannon  
  112  7:54  Assimilator  
  112  7:55  Photon Cannon  
  113  7:59  Photon Cannon, Assimilator  
  113  8:02  Carrier  
  113  8:04  Assimilator  
  119  8:14  Probe  
  119  8:15  Probe, Shield Battery  
  119  8:18  Shield Battery  
  121  8:20  Probe  
  122  8:27  Probe x2  
  122  8:28  Observer  
  122  8:30  Carrier  
  122  8:31  Carrier  
  122  8:33  Probe  
  138  8:41  Pylon  
  138  8:42  Probe  
  138  8:43  Probe, Pylon  
  138  8:44  Pylon  
  138  8:46  Pylon, Carrier  
  138  8:48  Pylon  
  146  8:49  Pylon  
  146  8:51  Pylon  
  146  8:53  Protoss Air Armor Level 2  
  146  8:56  Shield Battery x2  
  146  9:00  Photon Cannon  
  146  9:02  Photon Cannon  
  142  9:06  Unknown  
  140  9:10  Carrier  
  116  9:34  Carrier  
  116  9:35  Carrier  
  120  9:55  Probe x2  
  120  9:59  Probe x2, Pylon  
  124  10:00  Tempest  
  124  10:01  Pylon  
  124  10:02  Pylon  
  124  10:03  Pylon  
  128  10:14  Tempest  
  132  10:25  Probe  
  132  10:26  Probe  
  134  10:36  Carrier  
  134  10:39  Carrier, Stargate  
  146  10:43  Carrier  
  152  10:53  Nexus  
  152  10:55  Observer, Pylon, Tempest  
  153  10:57  Pylon  
  153  10:59  Pylon  
  153  11:01  Pylon  
  153  11:03  Pylon, Probe x2  
  153  11:04  Probe x2  
  160  11:05  Assimilator  
  160  11:07  Assimilator  
  161  11:12  Protoss Air Weapons Level 3  
  161  11:16  Photon Cannon  
  161  11:18  Photon Cannon  
  161  11:20  Photon Cannon  
  161  11:21  Photon Cannon  
  161  11:23  Photon Cannon  
  161  11:25  Photon Cannon  
  161  11:28  Photon Cannon  
  161  11:29  Photon Cannon  
  161  11:30  Tempest  
  161  11:31  Photon Cannon  
  169  11:33  Carrier  
  169  11:34  Photon Cannon  
  169  11:37  Photon Cannon x2  
  169  11:39  Photon Cannon  
  173  11:41  Photon Cannon  
  173  11:42  Probe x2  
  173  11:43  Probe, Carrier  
  188  11:56  Carrier  
  194  12:13  Carrier  
  190  12:37  Carrier  
  188  12:47  Carrier  
  175  13:00  Carrier  
  180  13:06  Nexus  
  180  13:10  Pylon  
  180  13:12  Pylon  
  175  13:13  Pylon  
  175  13:15  Pylon  
  175  13:16  Pylon  
  175  13:17  Carrier  
  175  13:18  Pylon  
  171  13:38  Probe x2  
  191  14:09  Probe x2  
  199  14:14  Nexus  
  199  14:15  Photon Cannon  
  199  14:18  Photon Cannon  
Show
View Real Time Build Order
Export as new Build Order

BarbieX Zerg - Winner!

Build Orders: Hatch First 

Get SALT Encoding   

  12  0:02  Drone  
  13  0:16  Overlord  
  13  0:17  Drone  
  14  0:35  Drone x2  
  16  0:45  Drone  
  17  0:57  Hatchery  
  16  1:10  Drone  
  17  1:11  Spawning Pool  
  17  1:12  Drone  
  17  1:16  Drone  
  18  1:24  Extractor  
  17  1:35  Drone x2  
  19  1:47  Drone  
  20  1:57  Drone  
  21  2:05  Overlord  
  21  2:08  Queen  
  21  2:15  Extractor  
  22  2:19  Queen  
  22  2:20  Drone x3  
  27  2:25  Extractor  
  26  2:32  Metabolic Boost  
  26  2:33  Drone  
  26  2:34  Drone  
  28  2:53  Drone x3  
  28  2:54  Queen  
  28  2:55  Drone  
  28  2:58  Extractor  
  33  3:08  Lair  
  33  3:13  Drone  
  33  3:14  Drone  
  33  3:18  Drone  
  36  3:49  Overlord  
  36  3:50  Overlord x2  
  36  4:00  Overlord  
  36  4:10  Spire  
  36  4:15  Drone  
  36  4:16  Drone x8  
  45  4:17  Drone  
  45  4:30  Overlord  
  45  4:31  Drone  
  45  4:32  Drone  
  45  4:37  Drone x2  
  49  4:43  Drone x2  
  49  4:44  Drone  
  52  7:27  Spore Crawler  
  51  7:31  Spore Crawler  
  51  7:32  Spore Crawler  
  51  7:33  Spore Crawler  
Show
View Real Time Build Order
Export as new Build Order

DiaLoGik Protoss 

Build Orders: 1 Gate Expand 

Get SALT Encoding   

  12  0:11  Probe  
  13  0:21  Pylon  
  13  0:23  Probe  
  14  0:36  Probe  
  14  0:42  Gateway  
  15  0:48  Probe  
  16  1:00  Probe  
  17  1:16  Nexus  
  17  1:25  Probe, Assimilator  
  18  1:32  Cybernetics Core  
  18  1:37  Probe  
  19  1:47  Pylon  
  19  1:49  Probe  
  20  1:56  Assimilator  
  20  2:15  Probe  
  20  2:20  Warp Gate  
  21  2:23  Probe  
  22  2:31  Probe  
  22  2:32  Pylon  
  22  2:33  Stalker, Probe  
  25  2:41  Probe  
  25  2:43  Probe  
  28  2:51  Probe  
  28  2:53  Gateway, Probe  
  30  3:01  Probe  
  30  3:03  Probe  
  32  3:06  Forge  
  32  3:09  Pylon  
  32  3:11  Probe  
  32  3:15  Probe  
  32  3:17  Stalker  
  34  3:20  Probe  
  37  3:28  Probe x2  
  37  3:32  Assimilator  
  39  3:36  Assimilator  
  39  3:37  Probe  
  39  3:39  Protoss Ground Weapons Level 1  
  39  3:40  Probe  
  41  3:42  Stalker  
  41  3:45  Probe  
  43  3:48  Probe  
  43  3:53  Probe  
  45  3:57  Probe  
  45  4:01  Robotics Facility  
  47  4:08  Probe  
  48  4:17  Pylon  
  48  4:22  Shield Battery  
  48  4:23  Gateway  
  48  4:32  Photon Cannon  
  48  4:34  Photon Cannon  
  48  4:36  Shield Battery  
  48  4:41  Photon Cannon, Probe x2  
  48  4:44  Stalker  
  52  4:46  Sentry  
  52  4:49  Observer  
  55  4:53  Probe  
  55  4:55  Robotics Bay  
  56  5:11  Gateway  
  56  5:13  Gateway  
  56  5:28  Nexus  
  56  5:35  Pylon  
  56  5:36  Pylon  
  56  5:52  Stalker x3  
  56  5:55  Protoss Ground Armor Level 1  
  62  6:03  Assimilator  
  62  6:07  Assimilator  
  62  6:13  Photon Cannon  
  62  6:14  Photon Cannon, Shield Battery  
  62  6:16  Gateway  
  62  6:17  Gateway  
  62  6:19  Stalker x2  
  62  6:22  Stalker  
  68  6:29  Extended Thermal Lance  
  68  6:33  Probe  
  68  6:34  Probe  
  70  6:40  Probe  
  70  6:45  Probe x2  
  73  6:48  Probe  
  73  6:53  Probe x2  
  74  6:57  Probe  
  74  6:58  Colossus  
  74  7:01  Probe x2  
  85  7:09  Stalker x3  
  85  7:11  Stalker  
  93  7:26  Probe x2  
  93  7:27  Probe  
  96  7:30  Stalker x2  
  100  7:37  Pylon  
  100  7:38  Probe  
  100  7:40  Pylon  
  100  7:42  Gateway  
  101  7:55  Colossus, Probe x2  
  109  8:02  Pylon  
  109  8:06  Pylon  
  109  8:07  Stalker  
  109  8:08  Stalker x2  
  109  8:09  Stalker  
  117  8:20  Probe x2  
  119  8:29  Nexus  
  119  8:31  Pylon  
  118  8:35  Pylon  
  118  8:39  Pylon  
  118  8:42  Pylon  
  118  8:43  Stalker x5  
  118  8:44  Assimilator  
  118  8:47  Assimilator  
  128  8:51  Colossus  
  82  9:50  Stalker  
  82  9:51  Stalker x5  
  82  9:52  Stalker x2  
  86  9:57  Gateway  
  86  9:59  Gateway  
  86  10:03  Gateway  
  86  10:06  Gateway  
  86  10:10  Photon Cannon  
  86  10:12  Photon Cannon  
  86  10:13  Photon Cannon  
  86  10:15  Photon Cannon  
  86  10:16  Stalker x2  
  86  10:17  Stalker, Photon Cannon  
  92  10:24  Photon Cannon  
  92  10:25  Shield Battery  
  92  10:28  Shield Battery  
  92  10:31  Shield Battery  
  92  10:34  Shield Battery  
  92  10:40  Stalker x3  
  92  10:41  Stalker x3  
  92  10:42  Stalker x2  
  108  10:58  Stalker  
  108  10:59  Stalker x2  
  114  11:08  Twilight Council  
  114  11:14  Protoss Shields Level 1  
  114  11:17  Stalker x2  
  114  11:18  Stalker x5  
  126  11:20  Stalker  
  130  11:40  Gravitic Boosters  
  130  11:41  Observer  
  130  11:46  Stalker x2  
  130  11:47  Stalker x3  
  137  11:48  Stalker x2  
  145  11:55  Dark Shrine  
  145  11:59  Observer  
  146  12:04  Stalker  
  146  12:05  Stalker x4  
  114  13:11  Dark Templar x3  
  114  13:12  Dark Templar  
  122  13:13  Dark Templar  
  122  13:14  Dark Templar x5  
  122  13:15  Dark Templar x2  
Show
View Real Time Build Order
Export as new Build Order

djseratonin Terran 

Build Orders: 2 Factory, Mech 

Get SALT Encoding   

  12  0:00  SCV  
  13  0:12  SCV  
  14  0:24  Supply Depot  
  14  0:25  SCV  
  15  0:45  Refinery, SCV  
  15  0:47  Barracks  
  16  0:58  SCV  
  17  1:10  SCV  
  18  1:26  Command Center  
  18  1:31  SCV  
  19  1:35  Marine  
  20  1:44  Orbital Command  
  20  1:52  Refinery  
  20  2:03  Factory  
  20  2:05  Marine  
  21  2:12  SCV  
  22  2:25  Supply Depot  
  22  2:35  Factory  
  22  2:40  Orbital Command  
  22  2:47  Factory Tech Lab  
  22  2:59  SCV, Engineering Bay  
  23  3:07  Siege Tank  
  23  3:10  SCV  
  27  3:15  SCV  
  27  3:18  Factory Tech Lab  
  28  3:29  Factory  
  28  3:31  SCV  
  29  3:35  Missile Turret  
  29  3:42  Orbital Command  
  29  3:45  Siege Tank  
  32  3:57  Missile Turret  
  32  4:00  Siege Tank  
  35  4:08  SCV x2  
  37  4:20  SCV x2, Refinery, Factory Tech Lab  
  37  4:22  Refinery  
  37  4:24  Missile Turret  
  39  4:32  SCV  
  40  4:45  Factory  
  40  4:46  Siege Tank, Missile Turret  
  43  5:01  Missile Turret  
  43  5:07  Command Center  
  43  5:09  Sensor Tower  
  43  5:10  SCV x2  
  45  5:19  Supply Depot  
  45  5:22  SCV  
  45  5:24  Armory  
  46  5:37  Armory  
  46  5:49  Factory Tech Lab  
  46  5:58  Missile Turret  
  46  6:01  SCV  
  47  6:15  Thor  
  54  6:18  SCV x2  
  54  6:20  Orbital Command  
  55  6:27  Terran Vehicle Weapons Level 1  
  55  6:28  Terran Vehicle And Ship Armor Level 1  
  55  7:14  Thor  
  55  7:15  Thor  
  67  7:20  Thor  
  73  7:23  Supply Depot  
  73  7:24  Supply Depot  
  73  7:27  Orbital Command  
  73  7:38  Thor  
  73  7:40  Supply Depot  
  79  7:45  Supply Depot  
  79  7:47  Supply Depot  
  79  7:51  Factory  
  79  7:54  Factory  
  79  7:59  SCV x2  
  81  8:11  SCV  
  81  8:12  SCV x2  
  84  8:24  SCV  
  84  8:25  Supply Depot  
  85  8:28  Terran Vehicle And Ship Armor Level 2, Supply Depot, Terran Vehicle Weapons Level 2  
  77  9:24  Thor x2  
  77  9:25  Thor x2  
  74  9:55  Refinery  
  74  9:56  Refinery  
  71  10:00  Factory Reactor  
  71  10:02  Factory Reactor  
  71  10:12  SCV x3  
  74  10:24  Thor x4, SCV x2  
  94  10:46  Widow Mine x4  
  102  11:06  Thor  
  102  11:07  Widow Mine  
  102  11:09  Missile Turret  
  110  11:12  Widow Mine x3, Thor x2  
  110  11:18  Command Center  
  128  11:20  Siege Tank  
  131  11:30  SCV x3, Missile Turret  
  134  11:50  Siege Tank  
  134  11:52  Siege Tank  
  140  12:08  Siege Tank  
  139  12:10  Thor  
  82  12:37  Siege Tank  
  82  12:38  Siege Tank, Widow Mine  
  82  12:39  Widow Mine  
  74  13:11  Thor  
  74  13:12  Thor x3  
  98  13:31  Widow Mine x3  
  98  13:32  Widow Mine  
Show
View Real Time Build Order
Export as new Build Order

Cach Protoss 

Build Orders: Oracle Opening, Carriers 

Get SALT Encoding   

  12  0:03  Probe  
  13  0:17  Pylon  
  13  0:18  Probe  
  14  0:30  Probe  
  15  0:38  Probe  
  15  0:41  Gateway  
  16  0:46  Probe  
  16  0:53  Assimilator  
  17  0:57  Probe  
  18  1:09  Probe  
  19  1:18  Assimilator  
  19  1:21  Probe  
  20  1:26  Pylon  
  20  1:32  Cybernetics Core  
  20  1:34  Probe  
  21  1:52  Nexus  
  21  1:54  Probe  
  22  2:07  Warp Gate  
  22  2:09  Probe, Stargate  
  23  2:17  Probe  
  23  2:22  Stalker  
  26  2:31  Pylon  
  26  2:32  Probe  
  27  2:44  Probe  
  28  2:52  Oracle  
  28  2:56  Probe  
  32  3:07  Shield Battery  
  32  3:08  Probe  
  32  3:09  Probe  
  34  3:20  Probe  
  34  3:23  Assimilator  
  34  3:24  Probe  
  34  3:26  Void Ray  
  36  3:28  Probe  
  41  3:36  Probe x2  
  43  3:48  Probe x2  
  45  4:00  Probe x2  
  44  4:03  Stargate  
  44  4:11  Void Ray  
  44  4:13  Probe  
  49  4:22  Probe  
  50  4:27  Assimilator  
  50  4:31  Pylon  
  50  4:32  Probe  
  51  4:40  Probe  
  51  4:43  Probe  
  53  4:49  Probe  
  53  4:50  Pylon  
  57  4:53  Nexus  
  57  4:55  Void Ray  
  57  4:56  Pylon  
  58  5:01  Probe  
  59  5:08  Probe, Pylon  
  59  5:13  Probe  
  59  5:14  Void Ray  
  65  5:15  Pylon  
  65  5:20  Probe  
  66  5:24  Forge  
  66  5:27  Probe  
  67  5:29  Fleet Beacon  
  67  5:32  Probe  
  68  5:38  Void Ray  
  68  5:39  Probe  
  69  5:51  Probe  
  70  6:02  Flux Vanes  
  70  6:03  Void Ray  
  74  6:07  Photon Cannon  
  74  6:16  Probe  
  74  6:19  Stalker, Probe  
  74  6:20  Photon Cannon  
  74  6:22  Photon Cannon  
  74  6:24  Photon Cannon, Probe  
  78  6:26  Assimilator  
  78  6:27  Probe  
  78  6:29  Probe  
  81  6:34  Probe  
  81  6:35  Probe  
  81  6:39  Void Ray  
  83  6:41  Probe  
  89  6:47  Probe x2  
  90  6:57  Photon Cannon  
  90  6:58  Carrier  
  90  7:00  Probe  
  90  7:01  Pylon  
  91  7:03  Assimilator  
  97  7:16  Probe  
  98  7:24  Probe, Tempest  
  98  7:26  Photon Cannon  
  99  7:32  Probe  
  99  7:34  Photon Cannon  
  104  7:37  Photon Cannon  
  104  7:39  Shield Battery  
  104  7:41  Shield Battery  
  104  8:00  Stargate  
  104  8:01  Stargate  
  104  8:02  Nexus  
  104  8:06  Pylon  
  104  8:08  Photon Cannon  
  104  8:09  Pylon  
  104  8:10  Tempest x2, Photon Cannon  
  104  8:12  Assimilator  
  112  8:16  Assimilator  
  112  8:19  Cybernetics Core  
  112  8:26  Twilight Council  
  112  8:38  Photon Cannon  
  112  8:39  Photon Cannon, Unknown  
  112  8:53  Carrier  
  90  9:12  Probe  
  90  9:14  Void Ray  
  81  9:20  Probe  
  93  9:24  Void Ray x2  
  93  9:30  Probe  
  94  9:36  Probe  
  87  9:40  Mothership  
  87  9:44  Probe  
  96  9:48  Photon Cannon  
  96  9:50  Photon Cannon  
  96  9:51  Probe, Photon Cannon  
  98  9:54  Probe, Photon Cannon  
  98  9:56  Photon Cannon  
  98  9:58  Photon Cannon  
  98  9:59  Shield Battery  
  103  10:01  Shield Battery  
  103  10:03  Carrier, Void Ray, Probe  
  103  10:04  Shield Battery  
  103  10:05  Pylon  
  103  10:06  Blink  
  104  10:09  Pylon  
  104  10:10  Templar Archives  
  104  10:11  Stalker  
  112  10:39  Probe  
  112  10:41  Carrier  
  112  10:44  Probe  
  112  10:45  Protoss Air Weapons Level 1  
  112  10:47  Probe, Protoss Air Armor Level 1  
  121  10:59  Carrier  
  121  11:07  Carrier  
  121  11:10  Gateway  
  121  11:14  High Templar, Gateway  
  135  11:18  Gateway  
  135  11:20  Gateway  
  135  11:25  Nexus  
  135  11:26  Pylon  
  135  11:28  Void Ray  
  139  11:46  Void Ray  
  143  11:50  Pylon  
  143  11:52  High Templar  
  145  11:55  Photon Cannon x2  
  145  11:57  Photon Cannon  
  145  11:58  Carrier  
  145  11:59  Photon Cannon  
  145  12:00  Probe  
  146  12:01  Shield Battery  
  146  12:03  Shield Battery  
  146  12:06  Assimilator  
  152  12:09  Assimilator  
  152  12:11  Pylon  
  152  12:12  Probe  
  153  12:16  High Templar x2  
  153  12:20  Archon  
  153  12:21  Tempest  
  153  12:22  Tempest  
  165  12:24  Probe  
  165  12:29  Archon  
  162  13:14  Tempest x4  
  170  13:40  Probe  
  131  13:41  Probe  
  124  13:49  High Templar x2, Probe  
  124  13:51  Zealot  
  124  13:52  Zealot x2, Probe  
  124  13:54  Archon  
Tags
 
Add a new tag
Caveats
  • Supply blocks, unpowered buildings, or Contaminate may cause inaccurate times.
  • Supply counts are checked every 10 seconds.